 Dungeon Crawl Stone Soup version 0.29-a0-330-g52719c12eb (webtiles) character file.

Game seed: 3012518409104367139

9333 Leszczynek the Frost Mage (level 11, 0/86 HPs)
             Began as a Human Gladiator on May 13, 2022.
             Was an Elder of Vehumet.
             Slain by a cane toad (16 damage)
             ... on level 3 of the Lair of Beasts on May 15, 2022.
             The game lasted 00:57:04 (6073 turns).

Leszczynek the Frost Mage (Human Gladiator)         Turns: 6073, Time: 00:57:05

Health: 0/86       AC: 10    Str: 16    XL:     11   Next: 72%
Magic:  15/17      EV: 15    Int: 15    God:    Vehumet [****..]
Gold:   278        SH:  0    Dex: 16    Spells: 7/18 levels left

rFire   + . .      SeeInvis .   a - +7 war axe of Cedabow {vorpal, Str+2}
rCold   . . .      Faith    .   (no shield)
rNeg    . . .      Spirit   .   p - +2 robe {rF+}
rPois   +          Reflect  .   D - +1 helmet {Int+3}
rElec   .          Harm     .   B - +2 cloak
rCorr   .          Rampage  .   w - +0 pair of gloves
Will    .....                   (no boots)
Stlth   +.........              (no amulet)
HPRegen 0.24/turn               h - ring of flight
MPRegen 0.15/turn               G - ring of poison resistance

@: lethally poisoned (0 -> -13), freezing walls, flying
A: no striking features
a: Renounce Religion


You were on level 3 of the Lair of Beasts.
You worshipped Vehumet.
Vehumet was greatly pleased with you.
You visited 2 branches of the dungeon, and saw 15 of its levels.

You collected 603 gold pieces.
You spent 325 gold pieces at shops.

Inventory:

Hand Weapons
 a - the +7 war axe of Cedabow (weapon) {vorpal, Str+2}
   (You found it on level 2 of the Dungeon)

   It inflicts extra damage upon your enemies.
   Str:       It affects your strength (+2).
 b - a +3 shortbow
 c - a +0 great sword
 g - the +6 dagger "Uduenyq" {protect, Drain rN+ rCorr}
   (You found it on level 9 of the Dungeon)

   It grants its wielder temporary protection when it strikes (+7 to AC).
   rN:        It protects you from negative energy.
   rCorr:     It protects you from acid and corrosion.
   Drain:     It drains your maximum health when unequipped.
 A - the +12 falchion "Killer Klown's Foe" {vorpal, +Blink rPois Will- Int+3}
   (You found it on level 1 of the Lair of Beasts)

   It inflicts extra damage upon your enemies.
   Int:       It affects your intelligence (+3).
   rPois:     It protects you from poison.
   +Blink:    It lets you blink.
   Will:      It decreases your willpower.
Missiles
 d - 3 throwing nets
 e - 4 javelins (quivered)
 k - 18 boomerangs
 r - 2 silver javelins
Armour
 p - a +2 robe of fire resistance (worn)
 w - a +0 pair of gloves (worn)
 B - a +2 cloak (worn)
 D - a +1 helmet of intelligence (worn)
Magical Staves
 I - a staff of earth
Jewellery
 h - a ring of flight (left hand)
 u - the ring of Sang {Fly rF+ rN+++ Will-}
   (You found it on level 10 of the Dungeon)

   [ring of protection from fire]

   rF:        It protects you from fire.
   rN:        It renders you almost immune to negative energy.
   Fly:       It grants you flight.
   Will:      It decreases your willpower.
 G - a ring of poison resistance (right hand)
Wands
 j - a wand of iceblast (4)
Scrolls
 f - 2 scrolls of immolation {unknown}
 i - a scroll of noise {unknown}
 l - 2 scrolls of amnesia {unknown}
 n - a scroll of blinking
 t - a scroll of silence {unknown}
 v - 3 scrolls of teleportation
 y - 2 scrolls of enchant weapon
 H - a scroll of summoning {unknown}
Potions
 m - 2 potions of cancellation
 o - 3 potions of mutation {!q}
 q - a potion of haste
 s - 5 potions of brilliance
 x - 2 potions of lignification {!q}
 z - a potion of heal wounds {unknown}
 C - a potion of flight {unknown}
 E - a potion of ambrosia {unknown}
 F - a potion of attraction {unknown}


   Skills:
 + Level 8.2 Fighting
 - Level 4.0 Axes
 - Level 3.0 Staves
 - Level 2.1 Throwing
 + Level 6.9 Dodging
 + Level 4.3 Spellcasting
 - Level 5.0 Conjurations
 * Level 9.7 Ice Magic
 - Level 5.1 Air Magic
 - Level 4.0 Poison Magic


You had 7 spell levels left.
You knew the following spells:

 Your Spells              Type           Power      Damage    Failure   Level
a - Magic Dart            Conj           72%        1d6       1%          1
b - Mephitic Cloud        Conj/Pois/Air  17%        N/A       2%          3
c - Hailstorm             Conj/Ice       25%        3d7       2%          4
d - Frozen Ramparts       Ice            64%        1d8       1%          3

Your spell library contained the following spells:

 Spells                   Type           Power      Damage    Failure   Level
 Inner Flame              Hex/Fire       3%         N/A       13%         3
 Freeze                   Ice            100%       1d11      1%          1
 Shock                    Conj/Air       72%        1d7       1%          1
 Dazzling Flash           Conj/Hex       20%        N/A       5%          3
 Swiftness                Air            18%        N/A       6%          3
 Airstrike                Air            9%         N/A       6%          4
 Animate Skeleton         Necr           6%         N/A       17%         1
 Pain                     Necr           12%        1d4       17%         1
 Vampiric Draining        Necr           3%         2d6       45%         3
 Silence                  Hex/Air        5%         N/A       86%         5
 Agony                    Necr           3%         N/A       99%         5


Dungeon Overview and Level Annotations

Branches:
Dungeon (12/15)              Lair (3/6) D:9             Orc (0/2) D:11
 Temple: D:4-7        Swamp: Lair:2-4    Shoals: Lair:2-4     Snake: Lair:2-4
 Spider: Lair:2-4

Altars:
Gozag
Trog
Vehumet

Shops:
D:6 [   D:9 [(:[[

Annotations:
D:4 1 transporter, Edmund, Sigmund
D:9 2 transporters, Mefist's ghost, journeyman DEWz
D:10 Maggie


Message History

You see here a bullfrog corpse.
Found a thick runed staff.
A cane toad comes into view.
The cane toad croaks.
There is a stone staircase leading up here.
A bullfrog comes into view.
The bullfrog moves out of view.
Casting: Frozen Ramparts (safe; 1% risk of failure)
Confirm with . or Enter, or press ? or * to list all spells.
You can't see any susceptible monsters within range! (Use Z to cast anyway.) Unknown command.
Casting: Frozen Ramparts (safe; 1% risk of failure)
Confirm with . or Enter, or press ? or * to list all spells.
Casting: Frozen Ramparts (safe; 1% risk of failure)
Press: ? - help, Dir - look around, f - activate The walls around you are covered in ice.
The wall freezes the cane toad.
You closely miss the cane toad.
The cane toad is lightly wounded.
The wall freezes the cane toad!
The cane toad barely misses you.
You completely miss the cane toad.
The cane toad is moderately wounded.
The wall freezes the cane toad.
The cane toad seems to slow down.
The cane toad stings you!
You are poisoned.
The cane toad poisons you!
The wall freezes the cane toad.
The cane toad seems to slow down.
The cane toad stings you!
You hit the cane toad but do no damage.
The cane toad is moderately wounded.
You feel extremely sick.
The wall freezes the cane toad.
The cane toad seems to slow down.
The cane toad stings you.
* * * LOW HITPOINT WARNING * * *
You hit the cane toad.
The cane toad is heavily wounded.
* * * LOW HITPOINT WARNING * * *
You feel very sick.
The wall freezes the cane toad!
The cane toad seems to slow down.
The cane toad stings you!
You die...

.### #. .#.#. ##.
...... #.... ...#..
#..⌠...#####......
.#.... #...........
!.....# #@..##...
.......####F..P....
###†.†<..P.....
##...†....#.....
#........#......
#.#..>.......PP.. #
#.P##...#.#####
...P......###
...PP......#


You could see a cane toad (slow).

Vanquished Creatures
  A centaur warrior (D:11)
  A two-headed ogre (D:11)
  2 black mambas (Lair:3)
  3 cane toads
  An unseen horror (D:11)
  A hornet (D:10)
  A troll (D:9)
  A basilisk (Lair:1)
  2 wyverns (D:7)
  9 yaks
  A warg (D:11)
  4 water moccasins
  4 orc warriors
  2 sky beasts (D:7)
  2 black bears
  5 ice beasts
  2 ogres
  7 centaurs
  4 bullfrogs
  A necrophage (D:7)
  A scorpion (D:5)
  4 wights
  9 killer bees (D:8)
  4 howler monkeys
  2 hounds
  7 orc priests
  2 iguanas
  8 orc wizards
  5 adders
  2 gnolls (D:5)
  A shadow imp (D:7)
  An ufetubus (D:7)
  5 dart slugs
  25 orcs
  5 ball pythons
  6 bats
  An endoplasm (D:3)
  3 giant cockroaches
  7 goblins
  6 hobgoblins
  2 jackals (D:5)
  2 quokkas
  A kobold (D:2)
  A rat (D:3)
164 creatures vanquished.

Vanquished Creatures (others)
  A fungus (Lair:3)
  2 plants
3 creatures vanquished.

Grand Total: 167 creatures vanquished

Notes
Turn   | Place    | Note
-------+----------+-------------------------------------------
     0 | D:1      | Leszczynek the Human Gladiator began the quest for the Orb.
     0 | D:1      | Reached XP level 1. HP: 16/16 MP: 1/1
     0 | D:1      | just don't get teleported next to a d:3 priest bro
     0 | D:1      | it's easy
     0 | D:1      | teleported by a trap you cannot avoid except by not
                  | exploring
   109 | D:1      | Found a faded altar of an unknown god.
   117 | D:1      | Prayed at the altar of an unknown god.
   117 | D:1      | Became a worshipper of Vehumet
   117 | D:1      | Reached * piety under Vehumet
   117 | D:1      | Offered knowledge of Magic Dart by Vehumet.
   250 | D:1      | Reached XP level 2. HP: 22/22 MP: 2/2
   334 | D:2      | Learned a level 1 spell: Magic Dart
   342 | D:2      | Identified the +7 war axe of Cedabow {vorpal, Str+2}
   436 | D:2      | Reached skill level 1 in Conjurations
   578 | D:2      | Reached XP level 3. HP: 27/27 MP: 3/3
   603 | D:3      | Found an opulent altar of Gozag.
   687 | D:3      | Offered knowledge of Scorch by Vehumet.
   691 | D:2      | Reached ** piety under Vehumet
   692 | D:2      | Reached skill level 1 in Spellcasting
   713 | D:3      | Reached skill level 2 in Conjurations
   747 | D:3      | Reached XP level 4. HP: 33/33 MP: 4/6
   936 | D:4      | Noticed Sigmund
   951 | D:4      | Found a transporter.
  1020 | D:4      | Reached skill level 3 in Conjurations
  1020 | D:4      | Reached XP level 5. HP: 38/38 MP: 5/7
  1105 | D:4      | Noticed Edmund
  1233 | D:5      | Entered Level 5 of the Dungeon
  1242 | D:5      | Reached skill level 2 in Spellcasting
  1384 | D:5      | Noticed a centaur
  1398 | D:5      | Killed a centaur
  1399 | D:5      | Reached skill level 4 in Conjurations
  1399 | D:5      | Reached XP level 6. HP: 26/46 MP: 9/9
  1609 | D:5      | Reached skill level 3 in Fighting
  1668 | D:5      | Reached skill level 3 in Spellcasting
  1782 | D:5      | Noticed an ice beast
  1787 | D:5      | Reached XP level 7. HP: 46/52 MP: 10/12
  1818 | D:5      | Offered knowledge of Mephitic Cloud by Vehumet.
  1819 | D:5      | Reached skill level 4 in Spellcasting
  1823 | D:5      | Learned a level 3 spell: Mephitic Cloud
  1966 | D:5      | Reached skill level 1 in Air Magic
  1966 | D:5      | Reached skill level 1 in Poison Magic
  1966 | D:5      | Reached XP level 8. HP: 52/60 MP: 14/14
  2079 | D:6      | Reached skill level 5 in Conjurations
  2208 | D:6      | Found Luiruu's Antique Armour Shop.
  2225 | D:6      | Reached skill level 4 in Fighting
  2227 | D:6      | Bought a cloak for 94 gold pieces
  2241 | D:6      | Reached skill level 2 in Air Magic
  2241 | D:6      | Reached skill level 2 in Poison Magic
  2376 | D:7      | Noticed a wraith
  2450 | D:7      | Noticed a wyvern
  2481 | D:7      | Killed a wyvern
  2482 | D:7      | Reached skill level 3 in Air Magic
  2482 | D:7      | Reached skill level 3 in Poison Magic
  2607 | D:7      | Reached skill level 4 in Air Magic
  2607 | D:7      | Reached skill level 4 in Poison Magic
  2607 | D:7      | Reached XP level 9. HP: 40/67 MP: 15/15
  2693 | D:7      | Reached skill level 5 in Fighting
  2704 | D:7      | Reached *** piety under Vehumet
  2705 | D:7      | Reached skill level 5 in Air Magic
  2759 | D:7      | finally good spells
  2764 | D:7      | Learned a level 4 spell: Hailstorm
  2896 | D:7      | Learned a level 3 spell: Frozen Ramparts
  2965 | D:7      | Reached skill level 1 in Ice Magic
  3009 | D:7      | Reached skill level 2 in Ice Magic
  3012 | D:7      | Reached skill level 3 in Ice Magic
  3104 | D:7      | Reached skill level 4 in Ice Magic
  3109 | D:7      | Offered knowledge of Conjure Flame by Vehumet.
  3180 | D:8      | Reached skill level 5 in Ice Magic
  3495 | D:7      | Reached skill level 4 in Dodging
  3519 | D:7      | Reached XP level 10. HP: 51/73 MP: 16/16
  3558 | D:8      | Reached skill level 6 in Fighting
  3782 | D:9      | Found Tubinoeg's Antique Armour Shop.
  3783 | D:9      | Identified the +6 dagger "Uduenyq" {protect, Drain rN+
                  | rCorr}
  3791 | D:9      | Found Zaevaunt's Book Emporium.
  3822 | D:9      | Found a staircase to the Lair.
  3845 | D:9      | Found Wuss's Antique Armour Boutique.
  3992 | D:9      | Found a transporter.
  4011 | D:9      | Found a bloodstained altar of Trog.
  4021 | D:9      | Noticed a moth of wrath
  4022 | D:9      | Noticed Mefist's ghost (journeyman DEWz)
  4044 | D:9      | Found a transporter.
  4044 | D:9      | Noticed a tengu warrior
  4070 | D:9      | Found Qeadghomn's Armour Shop.
  4073 | D:9      | Bought a +1 helmet of intelligence for 231 gold pieces
  4146 | D:9      | Reached skill level 6 in Ice Magic
  4221 | D:9      | Reached skill level 1 in Axes
  4304 | D:10     | Entered Level 10 of the Dungeon
  4383 | D:10     | Identified the ring of Sang {Fly rF+ rN+++ Will-}
  4385 | D:10     | ha ha
  4602 | D:10     | Reached **** piety under Vehumet
  4603 | D:10     | Reached skill level 2 in Axes
  4614 | D:10     | Reached skill level 5 in Dodging
  4644 | D:10     | Noticed Maggie
  4660 | D:9      | Reached skill level 7 in Ice Magic
  4817 | D:9      | Found Guuprozi's Antique Weapon Boutique.
  4919 | D:10     | Reached skill level 3 in Axes
  4924 | D:10     | Reached skill level 7 in Fighting
  4959 | D:10     | 4* faith and my proposed spell is still Conjure Flame
  4959 | D:10     | is this intended?
  4959 | D:10     | i haven't played Vehumet in sooo long
  5108 | D:11     | Reached XP level 11. HP: 68/84 MP: 15/17
  5118 | D:11     | Found a staircase to the Orcish Mines.
  5148 | D:11     | Reached skill level 8 in Ice Magic
  5219 | D:12     | Offered knowledge of Inner Flame by Vehumet.
  5220 | D:12     | and now inner flame
  5220 | D:12     | dude
  5280 | D:11     | Noticed a centaur warrior
  5284 | D:11     | Noticed a two-headed ogre
  5286 | D:11     | HP: 16/84 [centaur warrior/arrow (14)]
  5333 | D:11     | HP: 21/126 [centaur warrior (9)]
  5335 | D:11     | Killed a centaur warrior
  5336 | D:11     | Reached skill level 6 in Dodging
  5498 | D:11     | Reached skill level 4 in Axes
  5548 | D:11     | Killed a two-headed ogre
  5560 | D:11     | Noticed a cyclops
  5694 | Lair:1   | Entered Level 1 of the Lair of Beasts
  5769 | Lair:1   | Reached skill level 9 in Ice Magic
  5774 | Lair:1   | Reached skill level 8 in Fighting
  5847 | Lair:1   | Identified the +12 falchion "Killer Klown's Foe" {vorpal,
                  | +Blink rPois Will- Int+3}
  6073 | Lair:3   | HP: 16/86 [poisoned by a cane toad]
  6073 | Lair:3   | Slain by a cane toad

Illustrated notes ##### ##...## #.....# #.>@..+ #.....# ##...## ##### Turn 0 on D:1: just don't get teleported next to a d:3 priest bro

##.#.##.#...#.##.#.##.#.###
##.#.##.#.#.##.#.##.#.##..
##.#.##.#.##.#.##.#.###.#
##.#.##.##.#.##.#.##<#.#
##.#.###.#)##.#.###.#.#
##.#.#)#.##.#.##.....#
##.#.#.##.#.###.....#
##.#.##.#.#######..#
##.##.#@##........#
###.#.###.####...#
#...##..........#
##.###.#.#.....##.### #.
...#.#............ #
#.#.##...########
#.........# #...####..#
#..<..[...#


Turn 2759 on D:7: finally good spells #+ .. ##### ### #. #...# ..## ###.########
#.#.#####.+ .##..........# +.#.....#.# .............# #.#.###.#@# #........<..
#...#.)...# #..........# ##'######## #..........# #.# ####.####### #.### #..#
#...# #.## ###.# #.# #.# #.# ######'#### ####'###### Turn 4385 on D:10: ha ha
##.[...... #......... #......... #......... #........... ###.#.##........ ... #.
######### ####.# # ## #..@.# #. #.#### #. ###'####### #. #.........# #####'
#.........# #...#. #.........# #.#.## #.........# +.#... #.........+ #.#.##
#.........# #...#. Turn 4959 on D:10: 4* faith and my proposed spell is still
Conjure Flame #.# #.# #.# #.# #.# #.# #######.# #.#......W#### ..........hh@#
#.#$########## Turn 5220 on D:12: and now inner flame

Levels and vault maps discovered:
D:1:      minmay_arrival_shoal_huts, layout_basic,
          shapermc_ecumenical_altar_flowoftime, serial_shops,
          nicolae_square_shop, nrook_loot_triangle
D:2:      layout_basic
D:3:      layout_rooms, overflow_temple_1_default, grunt_ministairs_15,
          kennysheep_decorative_pillar
D:4:      gammafunk_cloud_chamber, layout_loops_cross, uniq_edmund,
          uniq_sigmund, uniq_grinder
D:5:      minmay_angry_zag, layout_gridville, st_stairs_3, minmay_bent
D:6:      layout_basic, minmay_temple_entry_statues_fountains, serial_shops,
          shop
D:7:      minmay_inner_zag, layout_basic
D:8:      layout_loops_ring, special_room [special_room_orc]
D:9:      layout_roguey, lair_entry_dummy, serial_shops,
          nicolae_shop_statue_plus, kennysheep_mini_moat, nicolae_shop_trees,
          nicolae_shop_overgrown_old_shop, nicolae_shop_advertising_works
          [nicolae_subvault_shop_adworks], gammafunk_ghost_wrathful_warriors,
          hangedman_decor_lopped
D:10:     layout_roguey, uniq_maggie
D:11:     layout_gridville, erik_orc_3, minmay_circle_x
D:12:     layout_basic, uniq_nergalle
Lair:1:   layout_cave_pods, beast_lair_carwin_9, infiniplex_staircase_pool_2
Lair:2:   layout_hall_layers, chequers_serial_rivers_small_3
Lair:3:   layout_misc_corridors, skrybe_swamp_entry_bodies, beast_lair_carwin_1,
          grunt_megastairs_3

Skill      XL: |  1  2  3  4  5  6  7  8  9 10 11 |
---------------+----------------------------------+-----
Conjurations   | 1 2 3 4 5 |  5.0
Spellcasting   | 1 2 3 4 |  4.3
Fighting       | 3 4 5 7 8 |  8.2
Air Magic      | 1 4 5 |  5.1
Poison Magic   | 1 4 |  4.0
Ice Magic      | 5 7 9 |  9.7
Dodging        | 4 5 6 |  6.9
Axes           | 3 4 |  4.0
Staves         | |  3.0
Throwing       | |  2.1

Action                   |  1- 3 |  4- 6 |  7- 9 | 10-12 || total
-------------------------+-------+-------+-------+-------++-------
Melee: Quarterstaff      |    21 |       |       |       ||    21
       War axe           |    30 |    47 |   112 |   127 ||   316
       Punch             |     1 |       |     2 |     1 ||     4
 Fire: Shortbow          |       |     2 |     4 |       ||     6
Throw: Throwing net      |       |     3 |       |       ||     3
       Boomerang         |       |     1 |     8 |     2 ||    11
       Javelin           |       |       |     2 |     3 ||     5
 Cast: Magic Dart        |     4 |    27 |    42 |     6 ||    79
       Mephitic Cloud    |       |       |     5 |     2 ||     7
       Frozen Ramparts   |       |       |     7 |    27 ||    34
       Hailstorm         |       |       |     6 |    11 ||    17
Evoke: Wand              |     2 |     5 |    16 |       ||    23
  Use: Potion            |     1 |       |     2 |     2 ||     5
       Scroll            |       |     1 |     6 |     7 ||    14
 Stab: Sleeping          |     1 |       |     1 |       ||     2
       Distracted        |       |       |       |     1 ||     1
       Confused          |       |       |       |     1 ||     1
Armor: Leather armour    |    16 |       |       |       ||    16
       Robe              |       |    20 |    43 |    73 ||   136
       Skin              |       |       |       |    12 ||    12
Dodge: Dodged            |    46 |    47 |    98 |   110 ||   301

Table legend: (Time is in decaauts)
 A = Elapsed time spent in this place.
 B = Non-inter-level travel time spent in this place.
 C = Inter-level travel time spent in this place.
 D = Time resting spent in this place.
 E = Time spent auto-exploring this place.
 F = Levels seen in this place.
 G = Mean time per level.
                   A        B        C        D        E       F      G
               +--------+--------+--------+--------+--------+-----+--------+
         Total |   6824 |   6520 |    304 |     71 |      0 |  15 |  454.9 |
       Dungeon |   6435 |   6132 |    303 |     71 |      0 |  12 |  536.2 |
          Lair |    388 |    388 |      0 |      0 |      0 |   3 |  129.3 |
               +--------+--------+--------+--------+--------+-----+--------+

Top non-repeatable levels by time:
     D:7: 1224 daAuts
     D:5: 973 daAuts
    D:10: 825 daAuts
     D:9: 706 daAuts
    D:11: 593 daAuts
     D:8: 570 daAuts
     D:4: 343 daAuts
     D:3: 342 daAuts
     D:1: 330 daAuts
     D:2: 263 daAuts
     D:6: 243 daAuts
  Lair:1: 193 daAuts
  Lair:2: 148 daAuts
  Lair:3: 46 daAuts
    D:12: 18 daAuts
